 Dungeon Crawl Stone Soup version 0.23.2-30-g0e89c35649 (webtiles) character file.

Game seed: 10412130185554227017

54 troglodite the Magician (level 3, -5/30 HPs)
             Began as a Naga Wizard on June 23, 2019.
             Slain by an orc
             ... wielding a +0 whip
              (7 damage)
             ... on level 2 of the Dungeon.
             The game lasted 00:18:20 (1670 turns).

troglodite the Magician (Naga Wizard)               Turns: 1670, Time: 00:18:21

Health: -5/30      AC:  3    Str:  9    XL:     3   Next: 91%
Magic:  7/8        EV: 10    Int: 19    God:
Gold:   35         SH:  0    Dex:  9    Spells: 6/9 levels left

rFire    . . .     SeeInvis +   c - +0 short sword
rCold    . . .     Gourm    .   (no shield)
rNeg     . . .     Faith    .   a - +0 robe
rPois    +         Spirit   .   b - +0 hat
rElec    .         Reflect  .   (no cloak)
rCorr    .         Harm     .   e - +0 pair of gloves
MR       .....                  (no barding)
Stlth    ++........             (no amulet)
HPRegen  0.10/turn              (no ring)
MPRegen  0.11/turn              (no ring)

@: very slow
A: large, see invisible, deformed body, poison resistance, slowness 2, slow
metabolism 1, spit poison 1, AC +1
a: Spit Poison


You were on level 2 of the Dungeon.
You were not hungry.

You visited 1 branch of the dungeon, and saw 2 of its levels.

You collected 35 gold pieces.

Inventory:

Hand Weapons
 c - a +0 short sword (weapon)
 g - a +0 hand axe
 m - a cursed -3 whip
 n - a cursed -2 hunting sling
Armour
 a - a +0 robe (worn)
 b - a +0 hat (worn)
 e - a +0 pair of gloves (worn)
Wands
 h - a wand of enslavement (12)
Scrolls
 f - a scroll of identify {unknown}
 i - a scroll of fear {unknown}
 j - a scroll of fog {unknown}
 k - 4 scrolls of teleportation {unknown}
Comestibles
 d - 5 rations
 l - 4 chunks of flesh


   Skills:
 * Level 0.9 Fighting
 + Level 0.6 Short Blades
 - Level 1.5 Dodging
 * Level 3.3 Stealth
 * Level 3.7 Spellcasting
 * Level 1.8 Conjurations
   Level 1.0 Summonings
 * Level 1.2 Translocations


You had 6 spell levels left.
You knew the following spells:

 Your Spells              Type           Power        Failure   Level  Hunger
a - Magic Dart            Conj           ##..         7%          1    None
b - Blink                 Tloc           N/A          13%         2    ##.....

Your spell library contained the following spells:

 Spells                   Type           Power        Failure   Level  Hunger
 Call Imp                 Summ           #.......     14%         2    ##.....
 Slow                     Hex            #.......     22%         2    ##.....
 Conjure Flame            Conj/Fire      #.......     28%         3    ###....
 Mephitic Cloud           Conj/Pois/Air  #.......     32%         3    ###....


Dungeon Overview and Level Annotations

Branches:
Dungeon (2/15)

Altars:
The Shining One


Innate Abilities, Weirdness & Mutations

You cannot wear boots.
Your serpentine skin is tough. (AC +1)
You have supernaturally acute eyesight. (SInv)
Armour fits poorly on your strangely shaped body.
Your system is resistant to poisons. (rPois)
You cover ground very slowly.
You have a slow metabolism.
You can spit poison.


Message History

The orc is heavily wounded.
The orc hits you with a +0 whip!
* * * LOW HITPOINT WARNING * * *
You barely miss the orc.
The orc is heavily wounded.
The orc hits you with a +0 whip.
* * * LOW HITPOINT WARNING * * *
The orc closely misses you.
You hit the orc but do no damage.
The orc is heavily wounded.
The orc closely misses you.
Casting: Magic Dart (safe; 7% risk of failure)
Confirm with . or Enter, or press ? or * to list all spells.
Aiming: Magic Dart (safe; 7% risk of failure)
Press: ? - help, Shift-Dir - straight line, f/p - orc
Aim: an orc, wielding a +0 whip and wearing a +0 chain mail (heavily wounded)
The magic dart hits the orc but does no damage.
The orc is heavily wounded.
The orc hits you with a +0 whip!
You die...

..# #######.# #.. ..##.# ####
#.# #.##.# #.#. #.# #.##.#
####.#.#####.###....########
.................[..........
........####.######...######
>.......รท.o@..........'.....
........####.######...######
........##...######...#
........#####.........#
............#.........#
............#.....[...#
............#######...#
...........o.. .....#
.<.............. .....#


You could see an orc.

Vanquished Creatures
  Jessica (D:2)
  An ooze (D:1)
  5 bats
  2 giant cockroaches
  A goblin (D:1)
  2 hobgoblins (D:1)
  3 jackals (D:2)
  3 kobolds
  A quokka (D:2)
  A frilled lizard (D:1)
  2 rats
22 creatures vanquished.

Notes
Turn   | Place    | Note
-------+----------+-------------------------------------------
     0 | D:1      | troglodite the Naga Wizard began the quest for the Orb.
     0 | D:1      | Reached XP level 1. HP: 15/15 MP: 4/4
   276 | D:1      | Reached XP level 2. HP: 21/24 MP: 0/6
   387 | D:1      | Learned a level 2 spell: Blink
  1255 | D:2      | Noticed Jessica
  1260 | D:2      | Killed Jessica
  1260 | D:2      | Reached XP level 3. HP: 19/30 MP: 5/8
  1546 | D:2      | Found a glowing golden altar of the Shining One.
  1670 | D:2      | Slain by an orc

Action                   || total
-------------------------++-------
Melee: Short sword       ||    66
 Cast: Magic Dart        ||    35
 Stab: Sleeping          ||     2
  Eat: Chunk             ||     1
Armor: Robe              ||    17
Dodge: Dodged            ||    51
